 Dungeon Crawl Stone Soup version 0.21.0-3-g78d12a8 (webtiles) character file.

10516 HungrySpirit the Cutter (level 11, -3/90 HPs)
             Began as a Vine Stalker Arcane Marksman on Jan 8, 2018.
             Was a High Priest of Okawaru.
             Slain by a spiny frog (9 damage)
             ... on level 1 of the Lair of Beasts.
             The game lasted 00:35:17 (11600 turns).

HungrySpirit the Cutter (VSAM)                     Turns: 11600, Time: 00:35:18

Health: -3/90      AC: 25    Str: 12    XL:     11   Next: 63%
Magic:  0/13       EV:  2    Int: 13    God:    Okawaru [*****.]
Gold:   431        SH:  0    Dex: 26    Spells: 5/12 levels left

rFire    . . .     SeeInvis .   B - +2 falchion
rCold    . . .     Gourm    .   (no shield)
rNeg     + + +     Faith    .   (armour currently unavailable)
rPois    +         Spirit   +   (helmet currently unavailable)
rElec    .         Reflect  .   (cloak currently unavailable)
rCorr    .         Harm     .   (gloves currently unavailable)
MR       +....     NoTele   +   (boots currently unavailable)
Stlth    +++++.....             u - amulet of regeneration
HPRegen  1.05/turn              e - +2 ring of dexterity
MPRegen  0.13/turn              (no ring)

@: agile, lethally poisoned (-3 -> -12), tree-form, heroism
A: rugged brown scales 1, regeneration 1, magic shield, no potion heal 3, rot
immunity
a: Heroism, Finesse, Renounce Religion


You were on level 1 of the Lair of Beasts.
You worshipped Okawaru.
Okawaru was extremely pleased with you.
You were not hungry.
You were a tree.
You visited 3 branches of the dungeon, and saw 13 of its levels.

You collected 767 gold pieces.
You spent 336 gold pieces at shops.

Inventory:

Hand Weapons
 c - a +1 dagger of speed
 B - a +2 falchion (weapon)
Missiles
 J - a throwing net (quivered)
Armour
 a - a +1 robe of fire resistance
 g - a +0 buckler
 h - a +3 leather armour of cold resistance (melded)
 r - a +0 pair of boots (melded)
 y - a +2 cloak (melded)
Jewellery
 e - a +2 ring of dexterity (left branch)
 i - an uncursed ring of ice
 u - an amulet of regeneration (around neck)
Wands
 o - a wand of polymorph (10)
 p - a wand of flame (45)
 E - a wand of digging (22)
 H - a wand of random effects (28)
Scrolls
 l - 2 scrolls of amnesia
 n - 4 scrolls of enchant weapon
 q - 5 scrolls of enchant armour
 v - 4 scrolls of identify
 x - 5 scrolls of remove curse
 D - a scroll of teleportation
 F - a scroll of blinking
Potions
 d - a potion of resistance
 j - a potion of mutation
 k - a potion of magic
 m - a potion of haste
 w - a potion of lignification
 A - 2 potions of degeneration
 C - a potion of heal wounds {unknown}
 I - a potion of brilliance {unknown}
 L - a potion of invisibility {unknown}
Books
 b - a book of Debilitation

   Spells                             Type                      Level
   a - Corona                         Hexes                        1
   b - Slow                           Hexes                        2
   c - Inner Flame                    Hexes/Fire                   3
   d - Portal Projectile              Hexes/Translocation          3
   e - Cause Fear                     Hexes                        4
   f - Leda's Liquefaction            Hexes/Earth                  4
 z - a book of Battle

   Spells                             Type                      Level
   a - Infusion                       Charms                       1
   b - Shroud of Golubria             Charms/Translocation         2
   c - Song of Slaying                Charms                       2
   d - Spectral Weapon                Hexes/Charms                 3
   e - Regeneration                   Charms/Necromancy            3
 G - a book of Misfortune

   Spells                             Type                      Level
   a - Confusing Touch                Hexes                        1
   b - Confuse                        Hexes                        3
   c - Gell's Gravitas                Translocation                3
   d - Petrify                        Transmutation/Earth          4
   e - Metabolic Englaciation         Hexes/Ice                    5
   f - Yara's Violent Unravelling     Hexes/Transmutation          5
Comestibles
 f - 24 rations


   Skills:
 + Level 7.7(12.7) Fighting
 - Level 7.8(14.2) Short Blades
 * Level 7.5(14.1) Long Blades
 - Level 1.7(6.7) Throwing
 + Level 7.1(12.1) Dodging
 + Level 4.5(9.5) Shields
 - Level 1.1 Spellcasting
 - Level 3.0 Hexes
 + Level 4.1 Charms


You had 5 spell levels left.
You knew the following spells:

 Your Spells              Type           Power        Failure   Level  Hunger
a - Corona                Hex            #......      9%          1    ##.....
b - Confuse               Hex            #.......     24%         3    ####...
c - Spectral Weapon       Hex/Chrm       #.......     19%         3    ####...


Dungeon Overview and Level Annotations

Branches:
Dungeon (10/15)            Temple (1/1) D:6            Lair (2/6) D:10
 Spider (0/4) Lair:2
  Swamp: Lair:2-4    Shoals: Lair:2-4       Orc: D:9-12

Altars:
Ashenzari
Cheibriados
Dithmenos
Elyvilon
Fedhas
Gozag
Hepliaklqana
Kikubaaqudgha
Makhleb
Okawaru
Qazlal
Ru
Sif Muna
Trog
Uskayaw
Vehumet
Wu Jian
Xom
Yredelemnul
Zin
The Shining One

Shops:
D:5 [

Annotations:
D:5 exclusion: door
D:9 letownia2's ghost, journeyman GrFi
Lair:1 exclusion: oklob plant


Innate Abilities, Weirdness & Mutations

((You have razor-sharp teeth.))
Your natural rate of healing is unusually fast.
When hurt, damage is shared between your health and your magic reserves.
((Your bite disrupts and absorbs the magic of your enemies.))
Potions cannot restore your health.
You are immune to rotting.
((You have hoof-like feet.))
(You are partially covered in rugged brown scales. (AC +1, +3% HP))


Message History

The spiny frog is heavily wounded.
You hit the spiny frog but do no damage.
The spiny frog is heavily wounded.
You feel sick. The spiny frog stings you!
* * * LOW HITPOINT WARNING * * *
You are lethally poisoned!
The spiny frog poisons you!
It was a potion of lignification.
You turn into a tree.
Your +2 cloak melds into your body.
Your +0 pair of boots melds into your body.
Your +3 leather armour of cold resistance melds into your body.
You feel less resistant to cold.
Your roots penetrate the ground.
* * * LOW HITPOINT WARNING * * *
You feel very sick.
The spiny frog stings you but does no damage.
It was a potion of agility.
You feel agile all of a sudden.
* * * LOW HITPOINT WARNING * * *
You feel sick. The spiny frog stings you!
You die...

........................##.8...8.
........................##.......
.......................##....8...
#...................###..........
#...)..###.#..............##.#.##
#......# ###..#..........#.......
#......## #..###.>....###.......
#.......####..###F....#.##.......
#.............##♣#..##....#......
#.÷.P.####....######......#.###.#
#...### #......# #.#....#.# ###
#...# #P....## #.#....#.# #...#
##....# #.#....+.# ##### ##....#
#......#.# #... #.....#
#.######.# $.. ##.....#
#........##### PP## #......#
##........##.##


You could see a spiny frog.

Vanquished Creatures
  Fannar (Lair:1)
  An unseen horror (D:10)
  Maurice (D:9)
  An elephant (D:10)
  A black mamba (Lair:1)
  2 spiny frogs (Lair:1)
  A troll (D:8)
  3 blink frogs (Lair:1)
  A hippogriff (Lair:1)
  A wraith (D:10)
  2 wyverns
  16 yaks
  2 humans (D:9)
  2 basilisks
  3 water moccasins (Lair:1)
  2 sky beasts (D:8)
  An ice beast (D:6)
  A phantom (D:6)
  2 centaurs (D:5)
  3 ogres
  A crocodile (D:10)
  A big kobold (D:10)
  6 bullfrogs
  Blork the orc (D:5)
  A scorpion (D:8)
  A water moccasin skeleton (D:7)
  12 wights
  A howler monkey (D:8)
  3 crimson imps
  A bullfrog zombie (D:6)
  A bullfrog skeleton (D:6)
  7 hounds
  5 orc priests
  A gnoll shaman (D:6)
  A jelly (D:9)
  7 orc wizards
  Jessica (D:3)
  2 iguanas (D:6)
  3 worker ants
  2 worker ant zombies
  A hound skeleton (D:5)
  15 gnolls
  5 adders
  A howler monkey skeleton (D:4)
  2 shadow imps (D:5)
  2 adder skeletons
  An adder zombie (D:6)
  2 worms
  2 dart slugs
  4 leopard geckos
  27 orcs
  2 ball pythons
  5 bats
  4 giant cockroaches
  3 hobgoblins
  2 jackals (D:5)
  2 kobolds
  6 quokkas
  3 frilled lizards
  12 goblins
  A leopard gecko skeleton (D:5)
  3 rats
210 creatures vanquished.

Notes
Turn   | Place    | Note
-------+----------+-------------------------------------------
     0 | D:1      | HungrySpirit the Vine Stalker Arcane Marksman began the quest for the Orb.
     0 | D:1      | Reached XP level 1. HP: 9/9 MP: 3/3
    41 | D:1      | Reached skill level 1 in Fighting
   362 | D:1      | Reached XP level 2. HP: 14/14 MP: 4/4
  1052 | D:1      | Reached XP level 3. HP: 16/18 MP: 5/5
  1082 | D:2      | Reached skill level 1 in Short Blades
  1175 | D:2      | Found a white marble altar of Elyvilon.
  1328 | D:2      | Learned a level 3 spell: Confuse
  1627 | D:3      | Noticed Jessica
  1641 | D:3      | Killed Jessica
  1641 | D:3      | Gained mutation: Your natural rate of healing is unusually fast. [Vine Stalker growth]
  1641 | D:3      | Reached XP level 4. HP: 12/23 MP: 6/6
  2340 | D:3      | Reached XP level 5. HP: 26/27 MP: 4/7
  2353 | D:3      | Found a hazy altar of Hepliaklqana.
  3292 | D:4      | Reached XP level 6. HP: 29/32 MP: 6/8
  3519 | D:5      | Entered Level 5 of the Dungeon
  3605 | D:5      | Found a snail-covered altar of Cheibriados.
  3875 | D:5      | Gained mutation: You evolve. [potion of mutation]
  3875 | D:5      | Gained mutation: You have razor-sharp teeth. [potion of mutation]
  3875 | D:5      | Gained mutation: You have large cloven feet. [potion of mutation]
  3883 | D:5      | Reached XP level 7. HP: 9/36 MP: 5/9
  4043 | D:5      | Found the +8 glaive of the Guard {elec, +Rage AC+5 SInv}
  4281 | D:5      | Noticed Blork the orc
  4344 | D:5      | Killed Blork the orc
  4426 | D:5      | Reached skill level 5 in Short Blades
  4553 | D:5      | Found Mumeoret's Armour Emporium.
  4694 | D:5      | Gained mutation: You have an increased reservoir of magic. (+10% MP) [evolution]
  4895 | D:5      | Bought a +3 leather armour of cold resistance for 336 gold pieces
  5178 | D:6      | Mutation became permanent: You have extremely sharp teeth. [Vine Stalker growth]
  5178 | D:6      | Gained mutation: You have razor-sharp teeth. [Vine Stalker growth]
  5178 | D:6      | Reached XP level 8. HP: 42/42 MP: 11/11
  5742 | D:6      | Found a staircase to the Ecumenical Temple.
  5763 | Temple   | Entered the Ecumenical Temple
  5834 | Temple   | Became a worshipper of Warmaster Okawaru
  6062 | D:6      | Reached skill level 5 in Fighting
  6316 | D:7      | Reached XP level 9. HP: 47/47 MP: 12/12
  6539 | D:7      | Reached skill level 5 in Dodging
  6563 | D:7      | Reached * piety under Okawaru
  6917 | D:7      | Gained mutation: You have hoof-like feet. [evolution]
  7223 | D:8      | Reached skill level 1 in Long Blades
  7678 | D:8      | Reached ** piety under Okawaru
  7917 | D:8      | Reached skill level 1 in Shields
  7966 | D:9      | Noticed letownia2's ghost (journeyman GrFi)
  7973 | D:8      | Reached XP level 10. HP: 24/53 MP: 10/13
  8112 | D:9      | Noticed Maurice
  8118 | D:9      | Killed Maurice
  8211 | D:9      | Reached *** piety under Okawaru
  8411 | D:9      | Learned a level 3 spell: Spectral Weapon
  8578 | D:9      | Lost mutation: You have an increased reservoir of magic. (+10% MP) [evolution]
  8694 | D:9      | Found an iron altar of Okawaru.
  8716 | D:9      | Reached skill level 5 in Long Blades
  8795 | D:10     | Entered Level 10 of the Dungeon
  8797 | D:10     | Noticed a two-headed ogre
  9154 | D:10     | Reached skill level 1 in Charms
  9622 | D:10     | Reached **** piety under Okawaru
  9622 | D:10     | Received a gift from Okawaru
  9725 | D:10     | Found a staircase to the Lair.
  9726 | D:10     | Noticed an elephant
  9910 | D:10     | Reached XP level 11. HP: 52/58 MP: 13/13
  9961 | D:10     | Killed an unseen horror
 10422 | Lair:1   | Entered Level 1 of the Lair of Beasts
 10579 | Lair:1   | Reached ***** piety under Okawaru
 10764 | Lair:1   | Noticed Fannar
 11018 | Lair:1   | Noticed an oklob plant
 11222 | Lair:1   | Killed Fannar
 11341 | Lair:1   | Gained mutation: You are partially covered in rugged brown scales. (AC +1, +3% HP) [evolution]
 11341 | Lair:1   | Lost mutation: You evolve. [end of evolution]
 11446 | Lair:2   | Found a hole to the Spider Nest.
 11537 | Lair:1   | Received a gift from Okawaru
 11600 | Lair:1   | Slain by a spiny frog

Skill      XL: |  1  2  3  4  5  6  7  8  9 10 11 |
---------------+----------------------------------+-----
Fighting       | 1 2 3 4 5 6 7 |  7.7
Dodging        | 2 3 4 5 6 7 |  7.1
Short Blades   | 1 2 3 4 5 7 |  7.8
Long Blades    | 3 6 7 |  7.5
Shields        | 1 3 4 |  4.5
Charms         | 2 4 |  4.1
Throwing       | |  1.7
Spellcasting   | |  1.1
Hexes          | |  3.0

Action                   |  1- 3 |  4- 6 |  7- 9 | 10-12 || total
-------------------------+-------+-------+-------+-------++-------
Melee: Unarmed           |    23 |       |       |       ||    23
       Bite              |    24 |   103 |   237 |   249 ||   613
       Dagger            |    70 |   306 |   428 |       ||   804
       Club              |    12 |       |       |       ||    12
       Kick              |       |     5 |   162 |       ||   167
       Falchion          |       |       |   144 |   562 ||   706
       Punch             |       |       |       |     3 ||     3
Throw: Javelin           |    10 |       |     1 |       ||    11
       Throwing net      |     2 |     4 |       |     2 ||     8
 Cast: Confuse           |       |     4 |       |       ||     4
Invok: Heroism           |       |       |       |     6 ||     6
Evoke: Wand              |       |       |     5 |    15 ||    20
  Use: Potion            |       |     1 |       |     4 ||     5
       Scroll            |       |       |    14 |     4 ||    18
 Stab: Sleeping          |     1 |     2 |     1 |       ||     4
       Held in net/web   |     1 |       |       |       ||     1
       Confused          |       |     1 |       |       ||     1
       Distracted        |       |       |       |     1 ||     1
  Eat: Chunk             |     2 |     8 |    10 |    10 ||    30
       Ration            |       |       |     1 |     1 ||     2
Armor: Robe              |    14 |       |     2 |       ||    16
       Leather armour    |    18 |    17 |    74 |   102 ||   211
       Skin              |       |       |       |     1 ||     1
Dodge: Dodged            |    77 |   100 |   256 |   333 ||   766
       Rpst.: Falchion   |       |       |    37 |   103 ||   140
